Map: Megaton 7:7

Players

MrBubbles

  • Race: Protoss Protoss
  • Spawn Location: 5:00

llllIIIlllII

  • Race: Terran Terran
  • League: Diamond
  • Spawn Location: 6:00

papaya

  • Race: Zerg Zerg
  • Spawn Location: 5:00

SeOuLStEaL

  • Race: Terran Terran
  • Spawn Location: 11:00

loser - Winner!

  • Race: Zerg Zerg
  • League: Diamond
  • Spawn Location: 5:00

VOD

Have the link to the VOD?

Description

Time

  • Played on: Jan. 12, 2022, 9:19 p.m.
  • Length: 56:55
Show
View Real Time Build Order
Export as new Build Order

MrBubbles Protoss 

Build Orders:  

Get SALT Encoding   

  12  0:00  Zealot, Charge, Probe x4  
  13  0:13  Probe x4  
  16  0:14  Zealot x3, Pylon  
  16  0:15  Zealot x2  
  16  0:19  Gateway  
  16  0:20  Cybernetics Core  
  16  0:23  Probe  
  16  0:26  Assimilator  
  22  0:28  Zealot x2  
  22  0:34  Probe  
  23  0:40  Assimilator  
  23  0:42  Probe  
  33  0:46  Zealot  
  33  0:47  Zealot  
  33  0:49  Zealot  
  30  0:50  Probe  
  30  0:51  Zealot, Twilight Council  
  30  0:53  Pylon  
  31  1:01  Zealot x2  
  31  1:02  Zealot  
  31  1:03  Observer  
  28  1:07  Gateway  
  28  1:09  Gateway  
  24  1:12  Zealot, Gateway  
  24  1:15  Zealot  
  24  1:20  Zealot x2  
  24  1:22  Robotics Facility, Probe x2  
  24  1:23  Probe x2  
  17  1:57  Zealot x3  
  17  1:59  Zealot  
  17  2:03  Probe x3  
  17  2:04  Probe  
  16  2:12  Zealot  
  16  2:13  Zealot x6  
  18  2:19  Zealot x3  
  20  2:26  Zealot x3  
  20  2:27  Zealot  
  20  2:29  Zealot  
  22  2:32  Zealot  
  22  2:34  Zealot  
  22  2:35  Zealot  
  36  2:45  Zealot, Observer  
  36  2:46  Zealot x3  
  36  2:47  Zealot  
  36  2:48  Zealot  
  52  2:59  Observer  
  52  3:00  Zealot  
  52  3:01  Zealot x5  
  60  3:15  Zealot  
  60  3:16  Zealot x6  
  60  3:17  Zealot  
  63  3:20  Zealot  
  64  3:31  Observer  
  76  3:36  Observer  
Show
View Real Time Build Order
Export as new Build Order

llllIIIlllII Terran 

Build Orders: 2 Factory, Hellion Opening 

Get SALT Encoding   

  12  0:00  SCV x5  
  12  0:03  SCV  
  12  0:04  SCV  
  14  0:09  SCV x3  
  14  0:13  Refinery  
  17  0:16  Refinery  
  17  0:17  Widow Mine x2  
  19  0:23  Widow Mine  
  19  0:24  Widow Mine  
  19  0:26  Supply Depot  
  22  0:29  Barracks, Widow Mine x2  
  22  0:33  Factory, Widow Mine x2  
  22  0:35  Factory  
  22  0:37  Widow Mine  
  22  0:38  Widow Mine x2  
  22  0:41  Widow Mine x2  
  26  0:45  Widow Mine x2, Armory  
  28  0:52  Drilling Claws  
  28  0:55  Widow Mine x2  
  28  0:56  Widow Mine  
  32  0:57  Widow Mine x2  
  46  1:11  Widow Mine  
  46  1:12  Widow Mine x5  
  46  1:16  Orbital Command  
  46  1:17  Factory Reactor x2  
  56  1:30  Widow Mine x4  
  56  1:31  Factory, Widow Mine  
  62  1:40  Widow Mine x2  
  62  1:41  Widow Mine x2  
  62  1:43  Engineering Bay  
  72  2:04  Planetary Fortress, Widow Mine x5  
  72  2:06  Widow Mine  
  80  2:08  Widow Mine  
  80  2:10  Factory Tech Lab, Widow Mine  
  80  2:23  Missile Turret  
  94  2:31  SCV  
  94  2:32  Widow Mine  
  94  2:36  Command Center, SCV  
  94  2:37  SCV  
  96  2:39  SCV  
  96  2:40  Widow Mine x4  
  96  2:42  Missile Turret  
  96  2:43  Missile Turret  
  97  2:49  Refinery  
  100  2:51  Widow Mine x5  
  100  2:57  Widow Mine x3  
  102  3:01  Missile Turret  
  102  3:03  Widow Mine x3  
  110  3:08  Missile Turret  
  120  3:18  Widow Mine  
  120  3:19  Widow Mine  
  126  3:21  SCV  
  126  3:22  SCV x6  
  126  3:23  SCV, Widow Mine  
  126  3:24  Missile Turret, SCV, Widow Mine x3  
  126  3:25  SCV  
  132  3:30  Widow Mine x6  
  132  3:31  Widow Mine x2  
  135  3:35  Refinery  
  138  3:50  Hellion x13  
  138  3:51  Widow Mine  
  147  4:02  Widow Mine x10  
  139  4:03  Viking, Widow Mine  
  139  4:04  Viking x2, Widow Mine  
  139  4:08  Viking  
  129  4:27  Viking  
  129  4:28  Viking x6  
  129  4:30  Viking  
  93  4:31  Starport  
  93  4:35  Viking  
  93  4:36  Viking  
  93  4:37  Starport Reactor  
  97  4:45  Liberator  
  97  4:49  Liberator  
  97  4:51  Widow Mine x4  
  97  4:52  Widow Mine  
  91  4:54  Viking  
  91  4:55  Viking x2, Widow Mine  
  91  4:56  Widow Mine  
  91  4:58  Liberator  
  73  5:09  Liberator x3  
  77  5:16  Liberator  
  77  5:17  Liberator  
  65  5:24  Liberator x2  
  61  5:30  Liberator x2  
  61  5:31  Liberator  
  61  5:34  Liberator  
  59  5:38  Liberator  
  59  5:39  Liberator  
  60  5:42  Liberator  
  60  5:45  Liberator  
  57  5:50  Liberator  
  64  6:02  Liberator  
  56  6:32  Liberator x4  
  62  6:38  Liberator  
  65  6:44  Orbital Command  
  68  6:57  SCV x2  
  68  6:58  SCV x3  
  41  7:39  Orbital Command  
  14  7:58  SCV x3  
  10  8:33  SCV  
  10  8:34  SCV x6  
  9  8:35  SCV x13  
  6  8:42  Command Center  
  6  8:47  SCV x4  
  6  8:48  Liberator x2  
  25  8:49  Liberator  
  25  8:53  Refinery  
  24  8:56  Liberator  
  24  8:57  Refinery  
  24  8:58  SCV  
  24  8:59  SCV x2  
  28  9:04  Liberator  
  28  9:05  Supply Depot  
  28  9:08  Barracks  
  28  9:13  Liberator  
  28  9:16  Command Center  
  31  9:21  Factory  
  31  9:28  Starport  
  31  9:29  Starport Reactor  
  43  9:47  Liberator  
  43  9:48  Liberator x3  
  43  9:52  Liberator, SCV x6  
  46  9:53  SCV x6  
  46  9:54  SCV x5  
  46  9:55  Liberator  
  48  10:02  SCV x2  
  48  10:03  SCV x7  
  48  10:04  SCV  
  65  10:09  Refinery, Liberator x3  
  65  10:11  Refinery, Liberator  
  65  10:15  Liberator  
  65  10:19  Liberator, Orbital Command  
  65  10:21  Factory  
  75  10:23  Factory Tech Lab, Liberator  
  75  10:25  Factory  
  75  10:26  Factory Reactor  
  75  10:28  Armory  
  90  10:39  Liberator x2  
  90  10:40  Liberator x2  
  93  10:49  Liberator x2, Hellion x4  
  93  10:50  Hellion x25  
  93  10:51  Hellion x4  
  111  11:09  Liberator x5  
  111  11:10  Liberator, Orbital Command  
  146  11:14  Liberator  
  192  11:36  Liberator x2  
  192  11:37  Liberator x3  
  192  11:51  Liberator  
  192  11:52  Liberator x3  
  213  12:03  Liberator x2  
  213  12:04  Liberator  
  201  12:37  Liberator  
  201  12:38  Liberator x2  
  201  12:40  Orbital Command  
  159  13:00  Viking x6  
  159  13:02  Viking  
  159  13:05  Viking  
  142  13:47  Widow Mine x21  
  142  13:48  Widow Mine x2  
  142  13:49  Widow Mine  
  142  13:50  SCV x4, Widow Mine  
  142  13:51  SCV x6  
  142  13:53  Command Center  
  175  14:10  Widow Mine x9  
  173  14:50  Refinery  
  173  14:57  SCV x4  
  173  14:58  SCV x29  
  173  14:59  SCV x8  
  173  15:01  Command Center  
  173  15:09  Thor x4  
  173  15:13  Refinery x2  
  214  15:22  Supply Depot  
  214  15:24  Barracks  
  214  15:47  Factory  
  214  15:48  Factory  
  211  15:50  Factory Tech Lab  
  211  15:51  Factory Tech Lab  
  211  15:53  Widow Mine x7  
  211  15:54  Widow Mine x18  
  230  15:57  Widow Mine x3  
  230  16:00  Widow Mine x3  
  207  16:20  Widow Mine x6  
  207  16:21  Widow Mine x11  
  177  16:32  Widow Mine x6  
  160  16:33  Widow Mine x5  
  160  16:34  Widow Mine  
  160  16:38  Widow Mine x3  
  132  16:40  Widow Mine  
  132  16:41  Widow Mine x2  
  132  16:42  Widow Mine  
  132  16:43  Widow Mine  
  145  16:47  Widow Mine x2  
  92  17:01  Hellion x12  
  92  17:02  Hellion x15  
  92  17:06  Hellion x5  
  92  17:07  Hellion x15  
  92  17:08  Hellion  
  46  17:15  Engineering Bay  
  36  17:16  Missile Turret  
  36  17:17  Missile Turret x2  
  36  17:18  Missile Turret  
  36  17:19  Missile Turret  
  36  17:20  Missile Turret x2  
  95  17:45  Widow Mine  
  51  18:04  SCV  
  38  18:07  Command Center  
  38  18:10  SCV  
  29  18:15  SCV  
  29  18:17  SCV  
  18  18:20  SCV  
  19  18:31  SCV x6  
  20  18:36  SCV x2  
  23  18:51  SCV x7  
  23  18:52  Refinery, SCV  
  23  18:55  Refinery  
  24  18:57  SCV  
  24  18:58  SCV x4  
  24  19:03  Marine  
  24  19:04  Marine x4  
  24  19:05  Marine x2  
  24  19:07  Marine x2  
  24  19:09  Marine x2  
  33  19:19  Supply Depot  
  33  19:20  Barracks  
  33  19:21  Barracks Reactor  
  33  19:24  Planetary Fortress  
  44  19:36  SCV x15  
  44  19:38  SCV  
  44  19:39  Planetary Fortress  
  44  19:41  Planetary Fortress  
  44  19:42  Command Center  
  44  19:52  Refinery  
  59  19:54  Refinery  
  59  19:59  Engineering Bay  
  49  20:02  Missile Turret  
  49  20:03  Missile Turret  
  49  20:04  Missile Turret  
  49  20:05  Missile Turret  
  48  20:07  Missile Turret  
  48  20:11  Command Center  
  48  20:14  Command Center  
  48  20:25  Factory  
  48  20:28  Starport  
  48  20:30  Starport  
  48  20:33  Viking x9  
  48  20:34  Viking x8  
  48  20:35  Viking  
  48  20:37  Viking, Starport Reactor x2  
  48  20:38  Viking  
  48  20:40  Viking  
  48  20:42  Viking, Armory  
  45  20:44  Viking  
  45  20:45  Terran Vehicle Weapons Level 1  
  45  20:46  Viking  
  45  20:48  Viking  
  45  20:49  Viking  
  45  21:00  Widow Mine  
  45  21:01  Widow Mine  
  45  21:02  Widow Mine  
  77  21:06  Viking x4, Widow Mine x5  
  77  21:07  Widow Mine  
  77  21:08  Viking, Widow Mine  
  77  21:10  Viking  
  87  21:12  Viking  
  87  21:13  Viking  
  95  21:21  Orbital Command  
  103  21:32  Viking x4  
  117  21:33  Hellbat x7  
  117  21:34  Viking, Hellbat  
  133  21:51  Widow Mine x8  
  133  21:52  Widow Mine x2  
  135  21:55  Widow Mine x2  
  159  22:13  Siege Tank x8  
  159  22:14  Siege Tank x2  
  159  22:15  Siege Tank x4, Factory Reactor  
  179  22:16  Siege Tank  
  163  22:39  Terran Vehicle And Ship Armor Level 1  
  157  22:44  Factory Tech Lab  
  157  22:45  Widow Mine x4  
  157  22:49  Widow Mine x15  
  157  22:50  Widow Mine x10  
  200  23:02  Viking x11  
  200  23:03  Viking  
  277  23:36  Viking x6  
  277  23:37  Viking x11  
  289  24:16  Widow Mine x20  
  289  24:17  Widow Mine x6  
  289  24:23  Viking x8  
  289  24:26  Command Center  
  279  24:33  Terran Ship Weapons Level 1  
  249  24:43  SCV x3  
  249  24:44  Orbital Command, SCV x2  
  229  24:48  SCV x4  
  229  24:49  SCV x2  
  229  24:50  SCV x2  
  229  24:51  SCV  
  229  24:52  SCV x2  
  229  24:55  SCV x4  
  229  24:56  SCV  
  250  25:00  Refinery  
  250  25:01  Planetary Fortress  
  261  25:07  Refinery  
  261  25:11  Planetary Fortress  
  266  25:15  Missile Turret  
  266  25:17  Missile Turret, Command Center  
  266  25:34  Thor  
  266  25:35  Thor x4  
  266  25:39  Command Center  
  266  25:43  Factory  
  266  25:45  Factory  
  266  25:46  Missile Turret  
  266  25:47  Factory Tech Lab  
  266  26:03  Missile Turret  
  266  26:05  Factory Tech Lab x2  
  266  26:10  Armory  
  266  26:13  Planetary Fortress, Command Center, Armory  
  266  26:14  Refinery  
  266  26:18  Planetary Fortress  
  296  26:19  Refinery  
  292  26:29  SCV x7  
  292  26:30  SCV x14  
  279  26:45  Thor  
  300  26:50  Missile Turret  
  300  26:51  Missile Turret  
  300  26:52  Command Center  
  300  26:55  Command Center  
  300  27:12  Thor x4  
  300  27:13  Thor x4  
  296  27:20  Thor  
  267  27:52  Widow Mine  
  267  27:55  Thor x3  
  267  27:56  Thor x6  
  297  28:07  Missile Turret  
  297  28:09  Missile Turret  
  297  28:12  Viking  
  297  28:13  Viking x8  
  293  28:35  Viking x6  
  293  28:36  Viking x2  
  277  28:51  Missile Turret x2  
  277  28:52  Missile Turret x2  
  277  28:53  Missile Turret  
  277  28:54  Missile Turret x2  
  247  28:56  Missile Turret x2  
  247  28:57  Widow Mine x2  
  247  28:58  Missile Turret, Widow Mine x28  
  247  28:59  Missile Turret x3, Viking x11, Widow Mine x11  
  247  29:00  Viking  
  247  29:02  Missile Turret  
  222  29:07  Widow Mine  
  222  29:08  Thor x8  
  222  29:09  Thor x2  
  278  29:30  Medivac  
  274  29:39  Widow Mine  
  274  29:40  Thor, Widow Mine x17  
  274  29:41  Thor x8  
  274  29:45  Liberator x4  
  300  29:54  Weapon Refit  
  300  29:59  Viking x9  
  298  30:08  Battlecruiser x4  
  298  30:09  Battlecruiser x10  
  294  30:15  Battlecruiser, Missile Turret  
  286  30:32  Battlecruiser x2  
  292  30:35  Command Center  
  292  30:42  Fusion Core  
  264  30:43  Battlecruiser  
  244  30:55  Battlecruiser x2  
  212  30:57  Starport Tech Lab  
  212  31:03  Starport Tech Lab  
  173  31:09  Missile Turret  
  250  31:22  Battlecruiser x4  
  248  31:32  Battlecruiser  
  248  31:33  Battlecruiser  
  245  31:48  Battlecruiser x2  
  283  32:30  Battlecruiser  
  283  32:33  Widow Mine x2  
  283  32:42  Missile Turret  
  293  33:02  Widow Mine x2  
  293  33:03  Widow Mine x23  
  263  33:36  Battlecruiser  
  263  33:38  Battlecruiser  
  236  33:52  Battlecruiser x2  
  236  33:55  SCV x22  
  230  33:56  SCV x4  
  230  34:00  Widow Mine x11  
  230  34:01  Widow Mine  
  230  34:02  Widow Mine  
  230  34:03  Widow Mine  
  230  34:09  Widow Mine x5  
  256  34:10  Widow Mine x3  
  256  34:11  Widow Mine  
  200  34:41  Liberator x2  
  200  34:43  Liberator  
  200  34:45  Liberator  
  212  34:47  Liberator, Viking x12  
  212  34:48  Refinery, Liberator, Viking  
  212  34:50  Refinery, Viking  
  169  35:27  SCV x11  
  169  35:28  SCV x2  
  145  35:35  Widow Mine  
  145  35:36  Viking, Widow Mine x16  
  145  35:39  Viking  
  145  35:42  Widow Mine x2  
  147  35:43  Viking, Widow Mine x3  
  147  35:45  Viking  
  41  36:44  Command Center  
  36  36:53  SCV x2  
  37  37:13  SCV  
  37  37:15  Supply Depot  
  37  37:17  Barracks  
  38  37:34  SCV  
  38  37:39  SCV  
  38  37:47  SCV  
  38  37:50  SCV  
  39  37:53  SCV  
  39  37:57  SCV  
  40  37:59  Stimpack, SCV  
  40  38:01  SCV  
  40  38:05  SCV x2  
  45  38:15  SCV  
  45  38:16  SCV x2  
  48  38:27  Refinery x2  
  48  38:32  SCV  
  51  38:34  SCV  
  51  38:37  SCV  
  51  38:38  SCV  
  51  38:39  SCV  
  51  38:41  SCV  
  51  38:42  Command Center, SCV  
  51  38:43  SCV  
  51  38:44  Planetary Fortress, SCV  
  51  38:45  SCV  
  51  38:47  SCV  
  53  38:48  SCV  
  53  38:49  SCV  
  53  38:50  SCV  
  53  38:51  SCV  
  53  38:52  SCV  
  59  39:02  SCV x11  
  67  39:11  Refinery  
  67  39:12  Marine x4  
  67  39:13  Marine x10  
  67  39:14  Marine  
  67  39:15  Marine x2  
  67  39:16  Marine  
  78  39:17  Marine x3  
  78  39:20  Engineering Bay  
  78  39:23  Marine x4  
  78  39:24  Marine x3  
  78  39:28  Barracks  
  78  39:29  Barracks  
  78  39:31  SCV  
  91  39:32  SCV x2  
  91  39:33  SCV  
  91  39:34  SCV x2  
  91  39:35  SCV x2  
  91  39:38  Barracks Tech Lab  
  109  39:47  Planetary Fortress  
  109  39:48  Marine  
  109  39:49  Marine x12  
  102  40:01  Command Center  
  102  40:03  Widow Mine  
  102  40:04  Widow Mine x17  
  102  40:06  SCV x6  
  102  40:07  SCV  
  104  40:08  Battlecruiser x5  
  104  40:09  Battlecruiser  
  104  40:12  Battlecruiser, Factory  
  113  40:14  Battlecruiser  
  150  40:35  SCV x16  
  150  40:36  SCV x11  
  150  40:38  SCV x4  
  150  40:39  SCV x2  
  150  40:40  Command Center, SCV x2  
  150  40:41  SCV x3  
  150  40:42  SCV x3  
  150  40:43  SCV  
  150  40:44  Command Center  
  177  40:57  Refinery, Battlecruiser x8, Planetary Fortress  
  192  40:58  Refinery  
  192  40:59  Planetary Fortress  
  192  41:03  Refinery  
  192  41:04  Refinery  
  192  41:05  Starport  
  192  41:08  Starport Tech Lab, Fusion Core  
  192  41:10  Starport, Starport Tech Lab  
  192  41:14  SCV x2  
  192  41:15  SCV x7  
  240  41:31  Command Center  
  240  41:32  Missile Turret  
  249  41:36  Missile Turret  
  249  41:58  Command Center  
  297  42:11  Widow Mine  
  297  42:14  Battlecruiser  
  297  42:15  Battlecruiser x4  
  297  42:27  Command Center  
  297  42:32  Battlecruiser x4  
  299  42:37  Starport, Factory  
  299  42:38  Planetary Fortress, Factory  
  270  43:15  Missile Turret  
  300  43:29  Missile Turret  
  288  43:40  Widow Mine x2  
  288  43:41  Widow Mine x25  
  282  43:47  Battlecruiser  
  258  43:53  Battlecruiser  
  246  43:55  Widow Mine  
  246  43:56  Widow Mine x17  
  270  44:20  Battlecruiser  
  270  44:21  Battlecruiser x8  
  299  44:38  Widow Mine x2  
  296  44:39  Widow Mine x3  
  296  44:40  Widow Mine  
  295  44:53  Widow Mine  
  295  44:54  Widow Mine x28  
  257  45:24  Planetary Fortress  
  289  45:33  Liberator x5  
  289  45:34  Liberator x29  
  289  45:35  Liberator x12  
  249  45:37  Liberator  
  249  45:40  Command Center  
  223  45:49  Command Center  
  170  46:03  Command Center  
  169  46:08  Barracks  
  169  46:10  Factory  
  169  46:12  Factory  
  169  46:14  Starport x3  
  285  46:36  SCV x18  
  285  46:37  SCV x3  
  279  46:48  Planetary Fortress  
  279  46:52  Refinery x2  
  300  46:56  Factory  
  299  47:21  Orbital Command  
  244  47:45  Command Center  
  244  47:47  Raven x4  
  244  47:50  Siege Tank  
  244  47:51  Siege Tank x6  
  238  47:52  Siege Tank x7  
  238  47:53  Siege Tank  
  221  48:01  Siege Tank  
  158  48:15  Factory Tech Lab, Widow Mine x8  
  158  48:16  Widow Mine x8  
  94  48:22  Factory Tech Lab, Factory  
  101  48:29  Missile Turret, Starport Tech Lab  
  101  48:30  Viking x8  
  101  48:31  Viking x19, Widow Mine x16  
  101  48:32  Widow Mine x25  
  101  48:33  Widow Mine x9  
  113  48:40  Viking x6  
  113  48:41  Viking x4  
  125  48:50  Factory Tech Lab  
  225  49:01  Planetary Fortress  
  273  49:22  Planetary Fortress  
  273  49:23  Planetary Fortress  
  273  49:26  SCV x14  
  273  49:27  SCV x13  
  276  49:42  Command Center  
  276  49:44  Starport Tech Lab, Command Center x2  
  276  49:45  Starport Tech Lab, Command Center  
  300  49:49  Orbital Command  
  300  49:53  Fusion Core  
  300  49:59  Refinery, Orbital Command  
  300  50:03  Missile Turret  
  300  50:13  Hellion  
  300  50:14  Hellion x20  
  300  50:17  Command Center  
  300  50:19  Refinery  
  300  50:23  Battlecruiser x13  
  300  50:24  Battlecruiser x3, Refinery  
  298  50:52  Missile Turret, SCV  
  298  50:53  Missile Turret, SCV x3  
  298  50:54  SCV x6  
  298  50:58  Refinery  
  286  51:43  Planetary Fortress  
  278  51:53  Hellion x16  
  278  51:54  Hellion x5  
  258  52:09  Factory  
  258  52:11  Factory  
  300  52:23  Refinery  
  300  52:27  Refinery  
  300  52:36  Viking x13  
  274  52:54  Factory  
  274  52:55  Factory  
  273  53:10  SCV  
  299  53:15  Raven x4  
  299  53:18  Liberator x20  
  299  53:19  Liberator x7  
  299  53:20  Liberator x2  
  299  53:22  Liberator  
  292  53:41  Siege Tank x2  
  232  53:59  SCV x5  
  294  54:21  Command Center  
  284  54:28  Hellion  
  284  54:29  Hellion x11  
  284  54:30  Hellion x5  
  284  54:31  Hellion x3  
  272  54:32  Hellion x3  
  272  54:33  Hellion x6  
  272  54:34  Hellion x5  
  252  54:47  Liberator x18  
  252  54:48  Liberator x15  
  252  54:49  Widow Mine x19  
  252  54:50  Widow Mine x21  
  252  54:52  Widow Mine  
  280  54:53  Liberator  
  280  54:54  Liberator x8  
  280  54:59  Viking x4  
  215  55:30  Hellion x10  
  215  55:31  Hellion x18  
  267  55:39  Widow Mine x9  
  267  55:41  SCV x2  
  267  55:42  SCV x12  
  252  55:48  Widow Mine x4  
  276  56:08  Siege Tank  
  276  56:10  Hellion x17  
  217  56:11  Hellion  
  217  56:18  Factory Tech Lab  
  158  56:21  Widow Mine  
  158  56:24  SCV x3  
Show
View Real Time Build Order
Export as new Build Order

papaya Zerg 

Build Orders: Pool First, Brood Lord Corruptor 

Get SALT Encoding   

  12  0:00  Drone x7  
  12  0:03  Drone  
  12  0:04  Drone  
  12  0:06  Drone  
  14  0:09  Drone x3  
  14  0:10  Drone  
  14  0:11  Drone  
  14  0:13  Drone  
  19  0:14  Drone  
  19  0:15  Extractor, Drone  
  19  0:17  Zergling x2, Extractor  
  19  0:18  Zergling x4  
  19  0:19  Zergling x2  
  19  0:20  Zergling x2  
  19  0:21  Zergling x4  
  28  0:32  Spawning Pool  
  28  0:33  Drone x3  
  30  0:42  Drone x5  
  34  0:46  Spine Crawler  
  34  0:49  Spine Crawler  
  34  0:55  Spine Crawler  
  34  0:56  Spine Crawler  
  37  0:57  Drone x4  
  37  0:58  Drone x4  
  37  0:59  Drone x2  
  37  1:00  Drone  
  37  1:01  Lair  
  37  1:03  Spine Crawler  
  36  1:05  Hive  
  36  1:09  Spine Crawler  
  36  1:10  Spine Crawler  
  43  1:11  Spine Crawler  
  43  1:13  Greater Spire  
  43  1:35  Hatchery  
  42  1:43  Spine Crawler  
  42  1:44  Spine Crawler  
  42  1:45  Spine Crawler  
  42  1:46  Spine Crawler  
  38  1:47  Spine Crawler  
  37  1:57  Drone x2  
  37  1:58  Drone x17  
  37  2:00  Corruptor  
  37  2:01  Corruptor x2  
  37  2:03  Infestation Pit  
  37  2:06  Corruptor x8  
  35  2:11  Drone x3  
  35  2:12  Hatchery, Corruptor x5, Drone x16  
  35  2:14  Extractor  
  35  2:15  Extractor  
  48  2:21  Spire  
  48  2:22  Spire  
  46  2:25  Zerg Flyer Weapons Level 1  
  71  2:31  Corruptor  
  71  2:32  Corruptor x3  
  87  2:40  Brood Lord  
  97  2:55  Unknown x2  
  97  2:56  Drone  
  97  2:57  Drone x26  
  97  2:58  Drone x30  
  95  3:02  Spore Crawler  
  95  3:03  Spore Crawler, Corruptor  
  95  3:04  Corruptor  
  103  3:05  Brood Lord  
  103  3:06  Brood Lord x7  
  160  3:15  Corruptor  
  160  3:17  Brood Lord x3  
  160  3:18  Brood Lord, Corruptor  
  160  3:19  Corruptor  
  160  3:30  Hatchery  
  179  3:34  Hatchery  
  179  3:36  Brood Lord x5  
  179  3:37  Brood Lord  
  188  3:58  Corruptor  
  188  3:59  Spine Crawler x2, Corruptor x15  
  188  4:01  Spine Crawler x3  
  188  4:02  Spine Crawler  
  194  4:03  Spine Crawler  
  194  4:04  Spine Crawler  
  194  4:07  Spine Crawler x2  
  194  4:08  Brood Lord x2  
  184  4:18  Spore Crawler  
  184  4:20  Corruptor x2  
  184  4:21  Spore Crawler, Corruptor  
  184  4:22  Overlord x4, Spore Crawler  
  184  4:23  Overlord x22, Spore Crawler  
  184  4:24  Overlord x2, Drone  
  176  4:25  Drone x14  
  176  4:29  Corruptor x3  
  176  4:30  Corruptor x3  
  176  4:31  Overseer x3  
  208  4:32  Overseer x12  
  208  4:33  Overseer  
  227  4:41  Corruptor x3  
  231  4:53  Overseer x7  
  235  5:20  Corruptor  
  235  5:21  Corruptor x15  
  229  5:22  Corruptor x3  
  227  5:35  Zerg Flyer Weapons Level 2  
  227  5:36  Zerg Flyer Armor Level 1  
  227  5:40  Corruptor x5  
  227  5:41  Corruptor x8  
  227  5:44  Hatchery  
  227  5:45  Drone x2  
  227  5:46  Drone x17  
  218  5:52  Hatchery  
  220  6:04  Drone  
  220  6:05  Spine Crawler x3, Drone x12  
  220  6:06  Drone x6  
  220  6:07  Spine Crawler  
  220  6:08  Spore Crawler x2  
  220  6:09  Spore Crawler  
  219  6:11  Spore Crawler  
  207  6:29  Spore Crawler, Corruptor  
  207  6:30  Corruptor x14  
  207  6:31  Spore Crawler x5, Corruptor x12  
  207  6:32  Spore Crawler x3, Drone  
  190  6:33  Spore Crawler x3, Drone x10  
  190  6:35  Spore Crawler  
  182  6:42  Brood Lord  
  182  6:43  Brood Lord  
  182  6:44  Brood Lord  
  182  6:47  Extractor  
  182  6:58  Hatchery  
  231  7:05  Hatchery  
  236  7:11  Corruptor, Drone  
  236  7:12  Corruptor x16, Drone x18  
  236  7:13  Corruptor  
  236  7:16  Hatchery  
  236  7:22  Drone  
  235  7:23  Drone x11  
  235  7:25  Hatchery  
  249  7:33  Spine Crawler x2  
  249  7:34  Spine Crawler x3  
  249  7:35  Spine Crawler  
  249  7:36  Spine Crawler x5  
  248  7:37  Spine Crawler  
  248  7:38  Hatchery  
  248  7:41  Drone x13  
  248  7:42  Drone x6  
  274  7:54  Brood Lord  
  274  7:55  Brood Lord x7  
  274  7:56  Brood Lord x5  
  291  7:59  Spore Crawler x4  
  291  8:00  Spore Crawler x7  
  291  8:01  Spore Crawler  
  291  8:02  Spore Crawler x2  
  277  8:06  Spore Crawler x2  
  277  8:08  Spore Crawler  
  277  8:10  Spore Crawler  
  277  8:11  Spore Crawler  
  277  8:12  Spore Crawler x2  
  269  8:13  Spore Crawler  
  269  8:14  Spore Crawler  
  269  8:15  Spore Crawler x2  
  269  8:16  Spore Crawler x2  
  269  8:17  Spore Crawler x4  
  269  8:18  Spore Crawler x6  
  269  8:19  Spore Crawler  
  269  8:20  Spore Crawler  
  269  8:22  Drone  
  269  8:23  Drone x18  
  274  8:33  Spore Crawler x2  
  272  8:35  Spore Crawler x2  
  272  8:36  Spore Crawler x4  
  272  8:37  Spore Crawler  
  284  8:51  Drone  
  284  8:52  Drone x18  
  284  8:58  Hatchery x2  
  284  9:02  Hatchery  
  277  9:08  Spine Crawler x2  
  277  9:09  Spine Crawler x2  
  292  9:10  Spine Crawler, Hatchery  
  292  9:11  Spine Crawler  
  292  9:12  Spine Crawler  
  292  9:13  Drone  
  292  9:14  Spine Crawler x3, Drone x18  
  292  9:15  Spine Crawler x2, Spore Crawler  
  292  9:16  Brood Lord x7, Spine Crawler  
  281  9:17  Spine Crawler  
  281  9:18  Spine Crawler, Spore Crawler  
  281  9:19  Brood Lord x3  
  281  9:20  Brood Lord  
  281  9:21  Brood Lord  
  281  9:22  Brood Lord  
  295  9:34  Spore Crawler  
  295  9:35  Spore Crawler  
  295  9:36  Spine Crawler x3  
  280  9:39  Spine Crawler x4  
  280  9:40  Spine Crawler  
  280  9:41  Spine Crawler x2  
  280  9:42  Spine Crawler  
  280  9:43  Drone  
  280  9:44  Drone x14  
  280  9:45  Drone x4  
  296  9:46  Drone x7  
  296  9:47  Drone x10  
  282  9:55  Spine Crawler  
  282  9:56  Spine Crawler  
  282  9:59  Spine Crawler  
  295  10:01  Spine Crawler  
  295  10:04  Spine Crawler x3, Drone x10  
  295  10:05  Spine Crawler x2, Drone x9  
  282  10:07  Spine Crawler  
  282  10:13  Drone x11  
  282  10:14  Drone x2  
  277  10:15  Spine Crawler  
  277  10:17  Spine Crawler  
  277  10:18  Spine Crawler  
  292  10:27  Drone  
  292  10:28  Drone x15  
  299  10:29  Drone x3  
  299  10:31  Corruptor x10  
  299  10:32  Corruptor x17  
  299  10:33  Hatchery, Corruptor x7  
  272  10:42  Spine Crawler, Brood Lord, Corruptor  
  286  10:43  Brood Lord x10  
  286  10:44  Spine Crawler x2, Brood Lord  
  286  10:45  Spine Crawler  
  286  10:46  Spore Crawler x2  
  286  10:47  Spine Crawler x2, Spore Crawler x2  
  286  10:48  Spine Crawler x2  
  286  10:49  Spine Crawler x5, Spore Crawler  
  263  10:50  Spine Crawler  
  263  10:51  Spine Crawler x3, Spore Crawler  
  263  10:52  Spine Crawler  
  228  10:59  Corruptor  
  228  11:00  Corruptor  
  228  11:01  Corruptor x5  
  228  11:02  Drone x4  
  228  11:03  Drone x15  
  274  11:13  Brood Lord x2  
  274  11:17  Hydralisk Den  
  195  11:26  Brood Lord  
  195  11:27  Brood Lord x3  
  195  11:28  Spore Crawler  
  195  11:29  Spine Crawler  
  195  11:30  Spine Crawler, Spore Crawler  
  195  11:31  Spore Crawler  
  195  11:32  Spine Crawler x2  
  202  11:33  Spine Crawler  
  204  11:52  Drone x2  
  204  11:53  Drone x25  
  204  11:54  Drone x23  
  212  11:55  Drone x14  
  212  11:57  Hatchery  
  212  11:58  Extractor, Drone x4  
  212  11:59  Spore Crawler, Drone  
  212  12:00  Extractor  
  212  12:01  Spine Crawler x3, Corruptor x10  
  181  12:02  Spine Crawler, Corruptor x11  
  181  12:03  Spine Crawler  
  176  12:10  Drone  
  176  12:11  Drone x18  
  176  12:12  Spine Crawler x3  
  176  12:13  Spine Crawler, Brood Lord  
  176  12:14  Spine Crawler x2, Brood Lord  
  176  12:15  Spine Crawler x4, Brood Lord  
  146  12:16  Spore Crawler x2  
  146  12:18  Spine Crawler  
  146  12:19  Spine Crawler  
  146  12:20  Spore Crawler x2  
  140  12:24  Spore Crawler, Overseer x7  
  140  12:28  Spine Crawler x3, Spore Crawler x2  
  140  12:29  Spine Crawler, Spore Crawler  
  150  12:30  Spore Crawler  
  150  12:32  Spine Crawler  
  190  12:37  Corruptor  
  190  12:38  Corruptor x14  
  196  12:46  Brood Lord  
  196  12:47  Spore Crawler  
  196  12:49  Spore Crawler  
  196  12:50  Hatchery  
  189  12:52  Spine Crawler  
  189  12:53  Spine Crawler x4  
  189  12:54  Spine Crawler, Brood Lord  
  189  12:55  Brood Lord x2, Spine Crawler x2  
  189  12:56  Spine Crawler x3  
  189  12:57  Spine Crawler  
  174  12:58  Brood Lord  
  174  12:59  Spine Crawler  
  174  13:00  Spine Crawler x2  
  174  13:02  Brood Lord  
  168  13:06  Brood Lord  
  205  13:20  Spine Crawler  
  205  13:25  Brood Lord  
  205  13:26  Brood Lord x3  
  162  13:34  Brood Lord  
  162  13:39  Spine Crawler  
  162  13:40  Spine Crawler  
  128  13:43  Spine Crawler x2  
  128  13:45  Spine Crawler x2  
  128  13:46  Spine Crawler x2  
  128  13:48  Brood Lord, Drone x4  
  121  13:49  Spine Crawler, Drone x15  
  121  13:50  Spine Crawler  
  121  13:51  Spine Crawler x2  
  121  13:52  Spine Crawler  
  121  13:53  Spine Crawler, Drone x14  
  121  13:54  Drone x5  
  123  14:00  Brood Lord  
  144  14:09  Drone x6  
  158  14:10  Drone x13  
  155  14:21  Corruptor  
  155  14:22  Drone  
  155  14:23  Drone x18  
  174  14:25  Corruptor  
  174  14:26  Corruptor x3  
  174  14:28  Brood Lord  
  174  14:29  Brood Lord x2  
  176  14:31  Spine Crawler  
  176  14:33  Spore Crawler x2  
  176  14:35  Spine Crawler  
  176  14:37  Spine Crawler  
  185  14:41  Hatchery  
  185  14:42  Extractor  
  185  14:43  Extractor  
  163  14:49  Extractor  
  157  14:54  Extractor  
  157  14:59  Spore Crawler  
  156  15:00  Extractor  
  156  15:01  Spore Crawler x2, Drone x9  
  156  15:02  Hatchery, Spore Crawler, Drone x10  
  156  15:03  Spore Crawler x3  
  156  15:04  Spore Crawler x2, Extractor  
  156  15:05  Spore Crawler  
  156  15:06  Drone  
  156  15:07  Spore Crawler x2, Drone x13  
  141  15:08  Drone x24  
  141  15:09  Spore Crawler x2  
  141  15:10  Spore Crawler  
  141  15:11  Spore Crawler  
  141  15:12  Spore Crawler  
  148  15:15  Spore Crawler  
  148  15:16  Spore Crawler x2  
  148  15:18  Spore Crawler  
  148  15:19  Spore Crawler  
  180  15:27  Drone x13  
  180  15:28  Drone x6  
  176  15:29  Spine Crawler, Spore Crawler x2  
  176  15:32  Spore Crawler x2  
  176  15:33  Spine Crawler, Spore Crawler x5  
  176  15:34  Spore Crawler  
  176  15:35  Spore Crawler x6  
  155  15:36  Spore Crawler  
  155  15:39  Corruptor  
  155  15:40  Corruptor x22, Drone  
  155  15:41  Drone x13  
  172  15:49  Hatchery  
  171  15:50  Brood Lord  
  171  15:52  Hive  
  185  15:57  Spine Crawler  
  185  15:58  Spine Crawler  
  185  16:00  Spine Crawler, Spore Crawler  
  185  16:04  Spore Crawler  
  160  16:05  Spine Crawler  
  160  16:06  Lair, Hatchery, Drone x3  
  160  16:07  Drone x16  
  207  16:23  Brood Lord  
  207  16:24  Brood Lord x7, Extractor  
  224  16:26  Extractor  
  224  16:27  Baneling Nest  
  222  16:43  Brood Lord  
  222  16:44  Brood Lord x2  
  222  16:52  Extractor  
  222  16:53  Hatchery  
  229  16:57  Extractor  
  229  17:00  Spine Crawler  
  222  17:01  Spine Crawler  
  222  17:02  Spine Crawler  
  222  17:05  Spine Crawler, Zerg Flyer Weapons Level 3, Zerg Flyer Armor Level 2  
  224  17:19  Drone  
  224  17:20  Hatchery, Drone x18  
  222  17:26  Corruptor  
  222  17:27  Corruptor x8  
  222  17:28  Drone x3  
  222  17:29  Drone x16  
  222  17:34  Spine Crawler x2  
  224  17:37  Spine Crawler, Drone x6  
  224  17:38  Spine Crawler x3, Drone x13  
  224  17:39  Spine Crawler  
  232  17:45  Spine Crawler  
  232  17:46  Spine Crawler  
  232  17:47  Spine Crawler  
  232  17:48  Spine Crawler  
  232  17:50  Spine Crawler x3, Drone  
  232  17:51  Spine Crawler, Drone x18  
  227  17:53  Spine Crawler x2  
  227  17:55  Drone x10  
  227  17:56  Drone x9  
  224  18:05  Drone x8  
  227  18:06  Drone x11  
  227  18:09  Corruptor x14  
  227  18:10  Spore Crawler x2, Corruptor x22, Drone  
  227  18:11  Corruptor, Drone x15  
  227  18:12  Spore Crawler, Drone x3  
  239  18:13  Spore Crawler x2  
  253  18:21  Spine Crawler  
  253  18:22  Spine Crawler x4  
  253  18:23  Spine Crawler x3  
  253  18:24  Spine Crawler  
  256  18:27  Spine Crawler x3  
  256  18:28  Spine Crawler x3, Spore Crawler x3  
  256  18:30  Spine Crawler, Spore Crawler  
  256  18:33  Spine Crawler, Spore Crawler x2  
  238  18:34  Spore Crawler  
  238  18:36  Spore Crawler x2  
  238  18:37  Spore Crawler  
  238  18:38  Spore Crawler  
  298  18:43  Drone x6  
  298  18:44  Drone x5  
  289  18:49  Drone x7  
  289  18:50  Drone x5  
  289  18:54  Corruptor  
  289  18:55  Corruptor x14, Drone x21  
  290  19:01  Spine Crawler x2, Brood Lord, Spore Crawler x7, Corruptor  
  290  19:02  Brood Lord x2, Spine Crawler, Spore Crawler, Corruptor x4  
  298  19:03  Drone  
  298  19:04  Drone x18  
  298  19:05  Spore Crawler x4  
  298  19:06  Spore Crawler x2, Corruptor  
  298  19:07  Spore Crawler x2, Corruptor  
  298  19:09  Spore Crawler  
  259  19:11  Spore Crawler x4  
  259  19:12  Spore Crawler  
  259  19:13  Spore Crawler x3  
  248  19:18  Hydralisk Den  
  251  19:27  Spine Crawler x2  
  251  19:28  Spine Crawler x2  
  251  19:30  Spine Crawler x3  
  282  19:31  Spine Crawler x2  
  282  19:37  Overseer  
  249  19:46  Drone  
  249  19:47  Drone x18  
  249  19:48  Brood Lord x10  
  249  19:49  Brood Lord x2  
  249  19:54  Spine Crawler x4  
  249  19:55  Spine Crawler, Brood Lord x2  
  249  19:56  Spine Crawler x2, Brood Lord, Spore Crawler  
  249  19:57  Spore Crawler  
  249  19:58  Spine Crawler, Spore Crawler  
  249  19:59  Brood Lord  
  256  20:00  Hatchery, Extractor  
  256  20:01  Infestor  
  256  20:03  Extractor  
  256  20:04  Brood Lord  
  256  20:05  Brood Lord  
  256  20:06  Extractor  
  244  20:07  Extractor  
  244  20:09  Brood Lord  
  244  20:10  Brood Lord  
  244  20:12  Spine Crawler  
  265  20:15  Spine Crawler  
  265  20:19  Brood Lord  
  265  20:20  Brood Lord  
  255  20:21  Zergling x2  
  255  20:22  Zergling x24  
  255  20:23  Zergling x40  
  255  20:24  Zergling x8  
  257  20:34  Zergling x10  
  257  20:35  Zergling x32  
  241  20:36  Zergling x32  
  241  20:39  Zergling x12  
  241  20:40  Zergling x34  
  241  20:41  Zergling x24  
  243  20:43  Zergling x2  
  243  20:44  Zergling x18  
  243  20:45  Zergling x34  
  243  20:46  Zergling x18  
  243  20:48  Zergling x4  
  243  20:49  Zergling x28  
  215  20:50  Zergling x28  
  215  20:51  Zergling x16  
  215  20:53  Brood Lord x3  
  215  20:54  Brood Lord x5, Zergling x2  
  215  20:55  Zergling x26  
  215  20:56  Zergling x28  
  215  20:57  Zergling x12  
  238  21:03  Zergling x12  
  238  21:04  Zergling x26  
  259  21:05  Zergling x26  
  259  21:06  Zergling x6  
  259  21:08  Zergling x2  
  259  21:09  Zergling x28  
  259  21:10  Zergling x30  
  259  21:11  Zergling x14  
  248  21:13  Zergling x2  
  248  21:14  Zergling x28  
  248  21:15  Zergling x28  
  248  21:16  Zergling x14  
  246  21:20  Zergling x4  
  246  21:21  Zergling x22  
  246  21:22  Zergling x24  
  246  21:23  Zergling x16  
  246  21:25  Zergling x2, Corruptor x3  
  216  21:26  Zergling x20, Corruptor x10  
  216  21:27  Zergling x22  
  216  21:28  Zergling x20  
  216  21:29  Zergling x6  
  216  21:30  Zergling x2  
  216  21:31  Zergling x14  
  216  21:32  Zergling x18  
  232  21:33  Zergling x18  
  232  21:34  Zergling x18  
  232  21:35  Zergling x6  
  221  21:41  Zergling x2  
  221  21:42  Zergling x12  
  221  21:43  Zergling x16  
  221  21:44  Zergling x16  
  221  21:45  Zergling x18  
  182  21:59  Drone  
  182  22:00  Drone x17  
  182  22:01  Drone  
  126  22:07  Drone x23  
  126  22:08  Drone x17  
  68  22:14  Hydralisk Den  
  61  22:16  Spine Crawler x3  
  61  22:17  Spine Crawler  
  61  22:18  Spine Crawler  
  61  22:19  Spine Crawler  
  61  22:20  Spine Crawler  
  61  22:21  Drone  
  58  22:27  Spore Crawler x2  
  58  22:29  Spine Crawler  
  21  22:30  Spine Crawler  
  21  22:31  Drone  
  4  22:42  Drone  
  4  23:05  Drone  
Show
View Real Time Build Order
Export as new Build Order

SeOuLStEaL Terran 

Build Orders: 1/1/1 

Get SALT Encoding   

  12  -1:57  Orbital Command  
  12  0:00  Stimpack, SCV x5  
  12  0:05  Marine  
  15  0:09  Marine x3  
  15  0:11  Marine  
  15  0:13  SCV, Supply Depot  
  17  0:15  Marine x4  
  17  0:16  Barracks  
  17  0:19  Barracks  
  17  0:23  Marine  
  17  0:24  Marine  
  17  0:25  SCV x2  
  17  0:26  SCV  
  17  0:27  Combat Shield  
  22  0:30  Marine x2  
  22  0:31  Orbital Command  
  22  0:33  SCV  
  32  0:45  Refinery x2  
  32  0:46  Marine x2, SCV x2  
  35  0:51  SCV x2  
  35  0:54  Command Center  
  35  0:56  Orbital Command  
  35  1:00  SCV  
  35  1:01  Unknown  
  35  1:02  Unknown, Concussive Shells  
  39  1:05  Barracks Tech Lab  
  39  1:06  Barracks Tech Lab  
  39  1:10  SCV x2  
  39  1:11  SCV  
  41  1:12  SCV x5  
  41  1:13  SCV x3  
  41  1:14  SCV  
  41  1:15  SCV x2  
  41  1:16  SCV  
  41  1:17  SCV x2  
  42  1:19  Command Center  
  42  1:20  Weapon Refit  
  42  1:23  SCV x2  
  53  1:29  Marine  
  61  1:43  Command Center  
  61  1:48  Factory  
  61  1:49  Starport, Factory Tech Lab  
  61  1:52  Starport  
  62  1:54  Battlecruiser x4, SCV x2  
  62  1:55  SCV x2  
  62  1:56  Starport  
  62  2:03  Starport  
  62  2:04  Starport, Starport Tech Lab  
  62  2:06  Starport, Starport Tech Lab, Orbital Command  
  62  2:07  Starport Tech Lab  
  66  2:08  SCV x2  
  66  2:10  Starport Tech Lab x2  
  66  2:15  Refinery, Orbital Command x2  
  66  2:16  Refinery, Orbital Command  
  66  2:17  Orbital Command, Advanced Ballistics, SCV x3  
  66  2:18  SCV  
  68  2:23  Armory  
  68  2:24  Engineering Bay x2  
  68  2:26  SCV x3, Armory  
  68  2:27  SCV  
  68  2:28  Factory Tech Lab  
  68  2:29  Armory  
  71  2:34  Command Center  
  72  2:37  Command Center  
  72  2:39  Command Center, Behemoth Reactor  
  72  2:40  SCV x2, Rapid Reignition System  
  72  2:41  Command Center  
  76  2:47  Battlecruiser x7, Command Center  
  76  2:48  Battlecruiser, Terran Infantry Armor Level 1, Terran Infantry Weapons Level 1  
  76  2:49  Terran Vehicle Weapons Level 1  
  76  2:50  Terran Ship Weapons Level 1, Fusion Core  
  76  2:51  Terran Vehicle And Ship Armor Level 1  
  76  2:53  SCV x4  
  76  2:55  Supply Depot  
  76  2:57  Supply Depot  
  78  2:58  Orbital Command  
  106  3:07  SCV x2  
  106  3:11  Battlecruiser x4  
  106  3:13  Missile Turret, SCV x4  
  106  3:16  Missile Turret x2, SCV  
  106  3:17  SCV x3  
  106  3:18  Missile Turret  
  108  3:20  Missile Turret  
  108  3:21  Missile Turret  
  108  3:24  Planetary Fortress  
  112  3:27  Refinery, Planetary Fortress  
  112  3:29  Planetary Fortress  
  112  3:32  Planetary Fortress  
  112  3:34  Battlecruiser x5  
  116  3:35  Battlecruiser  
  116  3:37  Planetary Fortress  
  116  3:39  Refinery  
  116  3:40  Refinery  
  116  3:51  Command Center  
  116  3:53  Command Center  
  164  4:02  Command Center  
  164  4:04  Command Center  
  164  4:05  Command Center  
  164  4:07  Command Center  
  164  4:13  Marine, Command Center  
  164  4:14  Marine x6  
  164  4:15  Marine  
  164  4:16  Marine x22  
  164  4:17  Marine x17  
  188  4:18  Marine x2  
  188  4:19  Marine x8  
  188  4:21  Barracks  
  188  4:24  Barracks x2  
  188  4:25  Marine x3, Barracks x2  
  188  4:26  Marine x24  
  188  4:27  Marine x7, Barracks  
  188  4:30  Command Center  
  188  4:31  Battlecruiser x6  
  188  4:33  Marine  
  188  4:34  Marine x24  
  188  4:35  Marine x7  
  188  4:37  Marine x6  
  188  4:38  SCV x3  
  297  4:49  SCV x4  
  286  5:09  Marine x9  
  286  5:10  Marine x11  
  286  5:19  Marine  
  286  5:20  Marine x12  
  286  5:21  Marine x4  
  286  5:22  Marine x5  
  286  5:28  Marine x2  
  300  5:31  Marine x2, Barracks Reactor  
  300  5:32  Marine, Barracks Reactor x4  
  300  5:33  Marine x12, Barracks Reactor x2  
  300  5:34  Marine x3  
  281  5:42  Marine  
  281  5:43  Marine x3  
  281  5:45  Marine x4  
  281  5:46  Marine x14  
  281  5:47  Marine x2  
  281  5:48  Marine  
  281  5:49  Marine x12  
  283  5:57  Marine  
  259  6:05  Marine, SCV  
  259  6:06  Marine x8  
  259  6:11  Terran Infantry Weapons Level 2, Terran Infantry Armor Level 2  
  258  6:12  Terran Ship Weapons Level 2, Terran Vehicle And Ship Armor Level 2  
  258  6:13  Terran Vehicle Weapons Level 2  
  258  6:14  Marine  
  258  6:15  Marine x19  
  258  6:16  Marine x22  
  258  6:17  Marine  
  258  6:18  Marine x19  
  249  6:19  Marine x30  
  249  6:20  Marine x18  
  249  6:21  Battlecruiser x4  
  249  6:22  Battlecruiser x6  
  236  6:28  SCV x2  
  236  6:29  SCV  
  208  6:38  Battlecruiser x4  
  208  6:39  Battlecruiser x3  
  267  6:42  SCV x5  
  267  6:43  SCV x4  
  267  6:44  SCV  
  267  6:45  SCV x18  
  216  6:51  Command Center  
  216  6:54  Command Center  
  197  6:57  Marine, Command Center  
  197  6:58  Marine x4  
  225  7:01  Marine x3  
  225  7:04  Marine x12, Command Center  
  225  7:05  Marine x5  
  224  7:13  Marine  
  224  7:14  Marine x2  
  181  7:15  Marine x2  
  181  7:16  Marine x8  
  188  7:31  Marine  
  188  7:32  Marine x7, Planetary Fortress  
  188  7:33  Planetary Fortress  
  188  7:36  SCV x4  
  188  7:37  SCV x2  
  176  7:39  Marine  
  176  7:40  Marine x14  
  176  7:43  SCV x2  
  176  7:44  SCV x13  
  209  7:46  Marine x3  
  209  7:47  Marine x10  
  223  7:57  Marine  
  223  7:58  Marine x15, Orbital Command  
  238  7:59  Marine x15, Orbital Command  
  238  8:04  Marine  
  254  8:14  Planetary Fortress, Command Center  
  254  8:15  Planetary Fortress  
  254  8:17  Marine  
  285  8:20  Battlecruiser  
  285  8:22  Marine x2  
  285  8:24  Marine x14  
  285  8:25  Marine x25  
  285  8:26  Marine x14  
  274  8:27  Command Center  
  274  8:29  Marine  
  274  8:30  Unknown  
  274  8:32  Barracks  
  274  8:33  Unknown, Barracks  
  262  8:34  Command Center  
  262  8:37  Marine  
  262  8:38  Marine x12  
  247  8:46  Battlecruiser x2  
  300  8:50  Corvid Reactor  
  300  8:51  Marine  
  300  8:52  Marine x18  
  300  8:54  Marine  
  300  8:55  Marine x2  
  288  8:59  Marine x12  
  288  9:00  Marine x24  
  288  9:01  Battlecruiser x2, Marine x4  
  288  9:02  Battlecruiser  
  280  9:03  Marine x4  
  293  9:28  Raven, Terran Vehicle And Ship Armor Level 3  
  293  9:29  Terran Vehicle Weapons Level 3, Terran Ship Weapons Level 3  
  293  9:30  Terran Infantry Weapons Level 3  
  297  9:37  Marine  
  297  9:38  Marine x9  
  287  9:39  Marine x16  
  287  9:40  Marine x14  
  287  9:41  Marine x4  
  287  9:42  Marine x3  
  287  9:43  Marine x3  
  287  9:44  Marine x5, Raven x4  
  287  9:45  Marine x12  
  268  9:46  Refinery x2, Marine x6  
  249  9:57  Raven x3  
  249  9:58  Raven x2  
  257  10:07  Starport Tech Lab  
  257  10:12  Medivac  
  227  10:18  Marine  
  227  10:19  Refinery, Marine x21  
  227  10:20  Marine x26  
  227  10:21  Marine x24  
  215  10:22  Marine x5  
  215  10:23  Orbital Command  
  212  10:29  Marine x4  
  212  10:30  Marine  
  212  10:34  Marine x6  
  212  10:35  Marine x2  
  207  11:04  Marine  
  207  11:05  Marine x15  
  207  11:06  Marine x14  
  207  11:07  Marine x2  
  193  11:18  Medivac  
  193  11:19  Medivac x11  
  193  11:20  Medivac x2  
  193  11:24  Marine  
  193  11:25  Marine x10  
  225  11:33  Marine  
  225  11:34  Marine x7  
  225  11:35  Refinery  
  225  11:37  Factory, Thor x2  
  225  11:38  Refinery, Marine, Factory  
  225  11:39  Marine x20, Factory  
  225  11:40  Marine x16  
  225  11:41  Factory  
  225  11:43  Siege Tank x4  
  225  11:44  Siege Tank x6  
  234  11:52  Marine, Thor  
  234  11:53  Marine x8  
  265  12:04  Battlecruiser x7  
  265  12:06  Battlecruiser  
  247  12:12  Marine, Factory Tech Lab  
  247  12:13  Factory Tech Lab x3, Marine  
  298  12:24  Battlecruiser x5  
  298  12:26  Marine  
  298  12:27  Marine x11  
  300  12:37  Marine  
  300  12:56  Battlecruiser x2  
  300  12:57  Battlecruiser x4, Thor x3  
  300  12:58  Thor x3  
  297  13:18  Marine x2  
  297  13:19  Marine x5  
  268  13:27  Marine  
  268  13:28  Marine x12  
  295  13:54  Marine x6  
  295  13:55  Marine x28  
  268  13:56  Marine x16  
  268  14:01  Marine  
  268  14:02  Marine x6  
  253  14:14  Marine  
  253  14:15  Marine x28  
  253  14:16  Marine x11  
  297  14:17  Marine x7  
  292  14:25  Barracks  
  292  14:27  Barracks x2, Barracks Reactor x2  
  292  14:28  Marine x9, Barracks, Barracks Reactor  
  292  14:29  Marine x10  
  292  14:30  Barracks, Barracks Reactor  
  292  14:31  Barracks Reactor  
  281  14:35  Marine x12  
  281  14:36  Marine x17  
  281  14:38  Marine  
  293  14:41  Orbital Command  
  300  15:10  Battlecruiser x3  
  300  15:16  Planetary Fortress  
  300  15:20  Battlecruiser x4  
  300  15:21  Battlecruiser x7  
  294  15:22  Battlecruiser x3  
  294  15:23  Battlecruiser x2  
  293  15:37  Marine x12  
  293  15:38  Marine x8  
  281  15:51  Battlecruiser x4, Command Center x2  
  281  15:53  Missile Turret, Command Center x2  
  281  15:54  Marine x10, Command Center x3  
  281  15:55  Marine x4  
  281  15:56  Missile Turret  
  300  15:57  Missile Turret x2  
  300  15:59  Marine x2, Missile Turret x2, Neosteel Armor  
  300  16:01  Missile Turret  
  300  16:02  Missile Turret x3  
  300  16:03  Missile Turret  
  277  16:13  Marine x4  
  271  16:26  Marine x5  
  271  16:31  Planetary Fortress x6  
  271  16:32  Planetary Fortress  
  270  16:41  Hi-Sec Auto Tracking  
  244  16:56  Marine  
  238  17:23  Battlecruiser x5  
  219  17:35  Terran Infantry Armor Level 3  
  199  17:51  Marine  
  199  17:52  Marine x17  
  199  17:53  Marine x25  
  199  18:10  Thor x3  
  199  18:12  Marine x4  
  224  18:13  Marine x11  
  224  18:23  Thor x6  
  224  18:24  Thor x4  
  224  18:25  Thor  
  267  18:40  Thor x6  
  259  18:41  Thor  
  259  18:43  Thor  
  277  18:57  Factory Tech Lab  
  265  19:02  Marine  
  265  19:03  Marine x16  
  265  19:04  Marine x20  
  265  19:07  Thor x3  
  265  19:08  Thor x4  
  238  19:23  Thor  
  285  19:32  Battlecruiser x5  
  257  19:39  Thor x20  
  257  19:41  Battlecruiser x2  
  296  20:07  Marine x3  
  296  20:08  Marine x3  
  296  20:12  Battlecruiser x6  
  296  20:13  Battlecruiser x4  
  296  20:14  Battlecruiser  
  296  20:19  Planetary Fortress x3  
  268  20:42  Battlecruiser x2  
  275  20:52  Command Center  
  275  20:53  Command Center  
  275  20:54  Command Center x2  
  247  21:05  Command Center  
  247  21:07  Command Center  
  295  21:28  Battlecruiser x2  
  295  21:29  Battlecruiser x4  
  295  21:33  Marine  
  295  21:34  Marine  
  295  21:35  Marine x9  
  295  21:46  Planetary Fortress x3  
  295  21:47  Planetary Fortress x4  
  295  21:49  Planetary Fortress x2  
  269  22:17  Command Center x3  
  269  22:18  Command Center  
  269  22:20  Command Center x2  
  269  22:21  Command Center  
  269  22:22  Command Center x2  
  276  23:23  Liberator x5  
  276  23:24  Liberator x30  
  276  23:25  Liberator x27  
  276  23:26  Liberator x6  
  261  23:45  Battlecruiser x6  
  261  23:46  Battlecruiser x7  
  261  23:48  Planetary Fortress x2  
  262  24:17  Battlecruiser x2  
  262  24:18  Command Center  
  262  24:21  Barracks  
  262  24:22  Mag-Field Accelerator, Barracks x2  
  262  24:23  Barracks, Command Center  
  262  24:26  Command Center x2, Barracks Reactor x2  
  262  24:27  Command Center, Barracks Reactor x2  
  262  24:29  Planetary Fortress x2  
  262  24:30  Planetary Fortress, Barracks  
  262  24:31  Command Center  
  175  24:32  Barracks  
  175  24:33  Barracks  
  175  24:34  Barracks  
  100  24:40  Battlecruiser x4  
  100  24:41  Battlecruiser x7, Drilling Claws  
  100  24:42  Battlecruiser x2, Smart Servos  
  100  24:44  Infernal Pre-Igniter  
  58  24:52  Marauder  
  136  24:53  Marauder x28  
  136  24:54  Marauder x21  
  136  24:55  Marauder x18  
  136  24:56  Marauder x6  
  136  24:57  Marauder x2  
  136  25:02  Barracks Tech Lab x2  
  135  25:10  Missile Turret x2  
  153  25:19  Barracks Tech Lab  
  293  25:30  Planetary Fortress x2  
  269  25:38  Widow Mine x10  
  269  25:39  Widow Mine x11  
  273  25:51  Marine x4  
  273  25:52  Marine x27  
  273  25:53  Marine x5  
  273  25:54  Marine x12  
  263  25:59  Marine x2  
  263  26:01  Command Center  
  263  26:03  Planetary Fortress x2  
  291  26:04  Command Center  
  259  26:26  Battlecruiser x3  
  207  26:35  Battlecruiser  
  207  26:38  Marauder, Battlecruiser  
  207  26:39  Marauder x17  
  177  26:42  Marine  
  177  26:43  Marine x20  
  177  26:44  Marine x2  
  156  26:52  Planetary Fortress  
  156  26:53  Missile Turret  
  142  26:55  Missile Turret  
  191  27:11  Battlecruiser  
  191  27:12  Battlecruiser x5  
  179  27:28  Battlecruiser x7  
  179  27:29  Battlecruiser  
  171  27:42  SCV  
  171  27:43  SCV x20  
  171  27:44  SCV x4  
  172  27:46  SCV x4  
  172  27:47  SCV  
  172  27:49  SCV x9  
  172  27:50  SCV x4  
  172  27:51  SCV  
  134  27:56  Marine  
  152  28:24  Marine  
  152  28:25  Marine x5  
  151  28:30  Command Center  
  185  28:38  Marine  
  185  28:39  Marine x18, Widow Mine  
  185  28:40  Marine x25, Widow Mine x16  
  185  28:41  Widow Mine x10  
  161  28:43  Battlecruiser x6, Factory Tech Lab x3  
  161  28:44  Battlecruiser x3  
  156  28:53  Marauder  
  144  28:57  Marine x3  
  144  28:58  Marine x27  
  144  28:59  Marine x8  
  181  29:17  Marine  
  181  29:18  Planetary Fortress  
  181  29:23  Marauder x4  
  172  29:24  Marauder x5  
  172  29:25  Marauder, Marine x5  
  172  29:26  Marine x4  
  172  29:27  Marine x5  
  172  29:28  Marine  
  128  29:45  Marine x13  
  114  29:46  Marine x3  
  114  29:47  Marine  
  114  29:51  Siege Tank x3  
  167  29:55  Siege Tank x4  
  167  29:59  Battlecruiser  
  160  30:00  Battlecruiser x3, Marine  
  160  30:01  Marine x25  
  160  30:02  Marine x20  
  176  30:12  Battlecruiser x3  
  176  30:13  Marine  
  176  30:14  Marine x4  
  176  30:16  Thor x2  
  176  30:17  Thor x3  
  216  30:22  Factory Tech Lab  
  216  30:26  Siege Tank x4  
  216  30:27  Siege Tank x4  
  197  30:28  Battlecruiser x2  
  197  30:32  Marine  
  197  30:33  Marine x3  
  137  30:51  Marine x5  
  137  30:52  Battlecruiser, Marine x7  
  120  31:03  Marine x2  
  190  31:04  Marine x14  
  190  31:09  Battlecruiser x3  
  190  31:10  Battlecruiser  
  197  31:17  Marine  
  197  31:18  Marine x11  
  218  31:26  Battlecruiser x2  
  209  31:33  Marine  
  209  31:34  Marine x22  
  209  31:35  Marine x8  
  197  31:40  Battlecruiser x3  
  197  31:44  Marine x3  
  173  31:54  Marine  
  173  31:58  Battlecruiser x3  
  172  32:05  Marine x4  
  172  32:06  Marine  
  158  32:11  Marine x5  
  158  32:12  Command Center  
  107  32:49  Personal Cloaking  
  113  32:55  Enhanced Shockwaves  
  113  33:05  SCV  
  131  33:09  Orbital Command x2  
  131  33:18  Ghost x7  
  128  33:23  Ghost x2  
  128  33:25  Command Center  
  103  33:28  Orbital Command, Command Center  
  103  33:30  Command Center  
  103  33:33  Barracks x2  
  70  33:40  Barracks  
  40  33:42  Ghost  
  40  33:43  Ghost x3  
  40  33:44  Ghost, Barracks Tech Lab  
  40  33:46  Ghost Academy  
  40  33:48  Barracks Reactor  
  54  33:49  Barracks Tech Lab, SCV x4  
  54  33:50  SCV x9  
  54  33:51  SCV  
  54  33:52  SCV x3  
  54  33:54  SCV x3  
  58  34:00  Refinery  
  66  34:04  Ghost x5  
  66  34:05  Ghost x3  
  88  34:33  Battlecruiser  
  88  34:34  Battlecruiser x11  
  88  34:37  Orbital Command x2  
  104  34:38  Orbital Command  
  104  34:41  Command Center  
  104  34:45  Command Center  
  104  34:48  Command Center  
  104  34:54  Orbital Command x3  
  104  34:58  Factory  
  104  35:01  Armory  
  104  35:05  Battlecruiser  
  104  35:06  Battlecruiser x9  
  104  35:14  Command Center  
  104  35:15  Command Center x2  
  100  35:30  Orbital Command  
  100  35:32  Command Center  
  100  35:33  Command Center  
  100  35:34  Command Center  
  100  35:38  Orbital Command x3  
  100  35:39  Starport  
  100  35:40  Starport  
  100  35:41  Starport Tech Lab x2  
  172  35:48  Barracks  
  172  35:52  Barracks Reactor  
  172  36:01  Command Center  
  232  36:23  Ghost  
  232  36:24  Ghost x20  
  232  36:25  Ghost x24  
  232  36:44  Factory  
  232  36:45  Orbital Command, Factory Reactor  
  222  36:47  Orbital Command  
  222  36:48  Battlecruiser x4, Factory  
  222  36:49  Factory  
  268  37:01  Factory Tech Lab  
  290  37:08  Battlecruiser x2  
  289  37:12  Battlecruiser  
  289  37:13  Factory Tech Lab  
  284  37:19  Orbital Command  
  296  38:04  Marine  
  296  38:05  Marine x24  
  296  38:06  Marine x19  
  296  38:10  Battlecruiser  
  296  38:11  Battlecruiser x4  
  229  39:03  Marine  
  229  39:04  Marine x24  
  229  39:05  Marine x9  
  197  39:14  Planetary Fortress  
  208  39:22  Marine  
  208  39:23  Marine x22  
  206  39:36  Marine  
  206  39:37  Marine x19  
  206  39:38  Marine x4  
  206  39:43  Marine  
  206  39:45  Marine  
  217  39:46  Marine  
  205  39:53  Marine  
  205  39:54  Marine x24, Raven x5  
  205  39:55  Marine x16, Raven x6  
  205  39:56  Raven, Marine x10  
  229  40:02  Barracks Reactor  
  214  40:08  Marine  
  214  40:09  Marine x6  
  214  40:13  Marine  
  192  40:14  Marine x16  
  192  40:15  Marine x4  
  200  40:33  Marine  
  200  40:34  Marine x2  
  216  40:38  Marine  
  216  40:39  Marine x16  
  216  40:40  Marine x26  
  216  40:41  Marine x3  
  226  40:47  Marine x5  
  226  40:48  Marine x7  
  226  40:49  Marine  
  203  40:50  Marine x16  
  203  40:51  Marine  
  164  41:04  Marine x5  
  164  41:05  Marine x23  
  164  41:06  Marine x10, Widow Mine  
  164  41:07  Widow Mine x19  
  164  41:08  Widow Mine x24  
  164  41:09  Widow Mine  
  126  41:31  Widow Mine  
  126  41:32  Widow Mine x20  
  179  41:33  Widow Mine x26  
  179  41:34  Widow Mine x3  
  179  41:44  Marine  
  179  41:45  Marine x8  
  222  41:59  Marine x15, Widow Mine x3  
  222  42:00  Marine x21  
  264  42:06  Widow Mine  
  264  42:07  Widow Mine x21  
  250  42:14  Widow Mine x15  
  250  42:15  Widow Mine x6  
  184  42:33  Marine  
  184  42:34  Marine x19  
  184  42:35  Marine x24  
  6  43:37  SCV x14  
  6  43:38  SCV x11  
  5  43:41  Orbital Command  
  5  43:42  Supply Depot  
  5  43:47  Command Center  
  30  43:55  Orbital Command x3  
  30  44:01  Command Center  
  30  44:05  Barracks  
  30  44:09  Command Center  
  30  44:11  Command Center, Siege Tank x3  
  30  44:12  Refinery  
  30  44:13  Refinery  
  30  44:18  Command Center  
  30  44:35  Factory  
  30  44:37  Starport  
  30  44:38  Factory Tech Lab, Starport Tech Lab  
  30  44:39  Marine x12  
  30  44:40  Marine x27, SCV x4  
  30  44:41  Marine x29, SCV x5  
  30  44:42  Marine x3  
  30  44:43  Marine  
  39  44:51  Engineering Bay  
  39  44:52  Barracks Tech Lab  
  41  44:53  Battlecruiser x5  
  41  44:59  Armory  
  120  45:23  Starport  
  120  45:28  Fusion Core  
  102  45:58  Starport Tech Lab  
  102  46:01  Widow Mine x4  
  102  46:02  Widow Mine x24  
  102  46:03  Orbital Command  
  111  46:17  Orbital Command  
  104  46:20  SCV x5  
  104  46:21  SCV x11  
  104  46:22  SCV x6  
  179  46:54  Unknown  
  179  46:55  Unknown  
  179  47:00  Barracks  
  176  47:01  Marine, Barracks  
  176  47:02  Marine x23, Command Center, Barracks  
  176  47:03  Marine x28  
  176  47:04  Marine x2  
  174  47:18  Barracks Tech Lab x3  
  174  47:22  Reaper x15  
  228  47:23  Reaper x5  
  228  47:24  Marine  
  228  47:25  Marine x29  
  228  47:26  Marine x28  
  228  47:27  Marine x28  
  219  47:35  Orbital Command  
  219  47:36  SCV x2  
  219  47:37  SCV  
  206  47:38  Marine x10  
  206  47:39  Marine x30  
  206  47:40  Marine x9  
  223  47:56  Orbital Command  
  278  48:03  Ghost Academy  
  277  48:07  Medivac  
  277  48:08  Medivac x11  
  277  48:13  Battlecruiser x3  
  277  48:15  Refinery  
  277  48:18  Command Center  
  277  48:19  Refinery  
  277  48:20  Starport  
  277  48:25  Reaper  
  277  48:26  Reaper x20  
  277  48:27  Reaper x29  
  276  48:28  Reaper x5  
  276  48:36  Starport Tech Lab  
  276  48:37  Refinery  
  276  48:38  Refinery  
  297  48:55  Planetary Fortress  
  104  49:23  Marine  
  94  49:24  Marine x16  
  94  49:25  Marine x26, SCV x16  
  94  49:26  Marine x25, SCV x10  
  94  49:29  Marine x7  
  94  49:30  Marine x24, Siege Tank x5, Command Center  
  73  49:33  Marine, Missile Turret  
  73  49:34  Marine x16  
  73  49:35  Missile Turret  
  73  49:37  Marine x10  
  73  49:38  Marine x23  
  98  49:41  Orbital Command  
  138  49:46  SCV x3  
  138  49:47  SCV x7  
  138  49:48  SCV x2  
  97  50:05  Marine x11  
  97  50:06  Marine x8  
  86  50:13  Marine x3  
  86  50:14  Marine x3  
  45  50:19  Refinery  
  45  50:20  Refinery  
Show
View Real Time Build Order
Export as new Build Order

loser Zerg - Winner!

Build Orders: Pool First, Lurkers 

Get SALT Encoding   

  1  0:00  Drone x5  
  12  0:02  Drone  
  12  0:04  Drone  
  12  0:06  Drone  
  12  0:08  Drone  
  12  0:10  Drone  
  21  0:22  Zergling x8  
  21  0:23  Zergling x2  
  21  0:26  Zergling x2  
  21  0:27  Zergling x2  
  22  0:31  Evolution Chamber  
  22  0:34  Spawning Pool  
  20  0:37  Drone x2  
  20  0:38  Hatchery  
  20  0:39  Zergling x6, Drone x5  
  20  0:41  Drone  
  36  0:59  Drone x2  
  36  1:00  Drone  
  33  1:05  Hatchery, Chitinous Plating  
  33  1:08  Drone x4  
  33  1:10  Hive  
  32  1:16  Drone x5  
  35  1:20  Lair  
  35  1:24  Drone x5  
  39  1:31  Extractor x2  
  47  1:41  Drone x11  
  47  1:44  Drone x2  
  47  1:45  Drone  
  47  1:46  Drone  
  45  1:48  Hatchery  
  45  1:51  Hatchery  
  42  1:54  Drone x4  
  42  1:55  Drone x5  
  46  2:04  Hatchery  
  54  2:14  Spawning Pool  
  53  2:19  Anabolic Synthesis, Infestation Pit  
  53  2:22  Drone  
  52  2:23  Ultralisk Cavern  
  52  2:26  Drone x3  
  52  2:27  Drone x3  
  52  2:28  Evolution Chamber, Drone x3  
  52  2:29  Ultralisk  
  50  2:30  Ultralisk x6, Evolution Chamber  
  50  2:31  Zerg Melee Weapons Level 1  
  50  2:33  Evolution Chamber, Drone x5  
  50  2:34  Drone  
  50  2:35  Drone x2  
  50  2:36  Drone x3  
  49  2:38  Extractor  
  49  2:39  Extractor, Drone  
  49  2:40  Drone x7  
  49  2:41  Drone x3  
  49  2:42  Spore Crawler, Drone x3  
  49  2:43  Drone x2  
  55  2:45  Extractor x2  
  64  2:51  Extractor  
  64  2:53  Extractor  
  78  3:05  Zerg Ground Armor Level 1  
  120  3:17  Drone x5  
  120  3:20  Ultralisk x5, Drone x4  
  120  3:21  Ultralisk x3, Drone  
  120  3:25  Burrow, Drone x4  
  120  3:26  Ultralisk x6  
  120  3:27  Ultralisk x2, Drone  
  120  3:28  Drone x6  
  120  3:29  Drone x13  
  120  3:30  Ultralisk x3  
  130  3:36  Hatchery  
  130  3:40  Drone x4  
  153  3:43  Extractor x2  
  153  3:47  Hatchery  
  147  3:51  Pneumatized Carapace, Zerg Missile Weapons Level 1  
  147  3:53  Spire  
  150  3:55  Spire  
  150  3:59  Metabolic Boost  
  263  4:11  Adrenal Glands  
  258  4:21  Zerg Flyer Weapons Level 1, Zerg Flyer Armor Level 1  
  257  4:27  Corruptor x12  
  257  4:28  Corruptor x7  
  257  4:31  Corruptor x12  
  251  4:32  Corruptor x3  
  251  4:33  Drone x3  
  251  4:34  Drone  
  239  4:42  Ultralisk Cavern  
  239  4:43  Hydralisk Den  
  239  4:45  Spire  
  225  4:46  Spire  
  155  4:57  Zergling x30  
  155  4:58  Zergling x8  
  139  5:04  Baneling  
  139  5:05  Baneling x24  
  139  5:06  Baneling x27  
  169  5:12  Baneling Nest  
  154  5:24  Zergling x2  
  154  5:25  Zergling x36, Corruptor x2  
  154  5:26  Zergling x2, Corruptor x14  
  154  5:27  Zergling x30  
  132  5:31  Zergling x2  
  132  5:32  Zergling x36, Neural Parasite  
  132  5:33  Zergling x2  
  132  5:34  Zergling x36  
  111  5:38  Corruptor x5  
  111  5:40  Swarm Host  
  128  5:46  Zerg Melee Weapons Level 2  
  128  5:47  Zerg Missile Weapons Level 2  
  163  5:53  Pathogen Glands  
  193  5:58  Ultralisk  
  193  5:59  Ultralisk x4  
  187  6:07  Drone x2  
  180  6:12  Drone x13  
  180  6:15  Drone x13  
  158  6:22  Hatchery  
  164  6:29  Extractor  
  148  6:33  Infestor x4  
  148  6:36  Drone x7  
  148  6:37  Drone x3  
  148  6:38  Ultralisk  
  148  6:39  Ultralisk x3  
  167  6:40  Centrifugal Hooks  
  150  6:47  Drone x5  
  150  6:48  Infestor x3  
  150  6:53  Drone x4  
  153  6:57  Ultralisk x3  
  162  7:36  Corruptor  
  162  7:37  Corruptor x9  
  158  7:39  Zergling x14  
  158  7:40  Zergling x24  
  128  7:49  Baneling x8  
  128  7:50  Baneling x25  
  128  7:51  Baneling x5  
  117  7:57  Baneling Nest  
  112  8:19  Hive  
  109  8:21  Drone  
  109  8:23  Zergling x2  
  109  8:24  Zergling x36  
  109  8:26  Zergling x38, Drone  
  99  8:27  Zergling x12  
  99  8:28  Zergling x12  
  99  8:29  Zergling x34, Lair  
  99  8:30  Zergling x6  
  99  8:31  Zergling x24  
  99  8:32  Zergling x28  
  99  8:33  Zergling x8  
  99  8:34  Zergling x32, Hatchery  
  97  8:35  Zergling x2  
  97  8:36  Zergling x34  
  97  8:37  Zergling x18  
  97  8:38  Zergling x10  
  97  8:40  Spawning Pool  
  111  8:44  Drone x9  
  111  8:45  Drone x4  
  158  8:54  Zergling x2  
  158  8:55  Zergling x28  
  111  9:06  Hatchery  
  111  9:08  Hatchery  
  94  9:10  Hatchery  
  94  9:12  Hatchery  
  92  9:24  Drone  
  92  9:25  Drone x4  
  92  9:29  Infestation Pit  
  89  9:34  Ultralisk Cavern  
  89  9:36  Evolution Chamber  
  89  9:37  Zergling x18, Evolution Chamber  
  89  9:38  Zergling x20  
  85  9:40  Zergling x32  
  85  9:42  Zergling x2  
  85  9:43  Zergling x4, Hatchery  
  83  9:46  Zergling x4  
  83  9:48  Zergling x4  
  83  9:52  Spawning Pool  
  82  9:57  Zergling x8  
  82  9:58  Zergling x4  
  101  10:26  Baneling x3  
  101  10:27  Baneling x21  
  101  10:28  Baneling x7  
  98  10:40  Greater Spire  
  86  10:54  Hydralisk x9  
  74  11:03  Drone x3  
  63  11:14  Hydralisk Den  
  63  11:17  Lurker Den  
  76  11:20  Lurker  
  76  11:21  Lurker  
  76  11:25  Lurker x3  
  85  11:26  Drone  
  85  11:28  Lurker  
  85  11:29  Lurker  
  86  11:41  Drone  
  86  11:42  Drone x2  
  86  11:43  Hatchery  
  86  11:44  Drone x2  
  85  11:47  Drone x2  
  85  11:48  Drone  
  85  11:50  Hive, Spire, Drone  
  85  11:51  Drone  
  85  11:53  Drone  
  92  12:03  Lair  
  92  12:05  Drone  
  92  12:06  Drone x16  
  62  12:31  Zergling x24  
  62  12:32  Zergling x14  
  57  12:37  Extractor x2  
  47  12:47  Spawning Pool  
  53  12:58  Baneling x17  
  43  12:59  Baneling x19  
  43  13:08  Evolution Chamber  
  43  13:09  Evolution Chamber  
  41  13:16  Drone x7  
  41  13:17  Drone  
  41  13:18  Drone  
  41  13:26  Hatchery  
  40  13:27  Zergling x18  
  40  13:28  Zergling x20  
  42  13:38  Drone x5  
  42  13:39  Drone x2  
  50  13:52  Drone x4  
  57  14:06  Extractor  
  57  14:07  Extractor  
  57  14:08  Hatchery  
  57  14:11  Zergling x34  
  57  14:12  Zergling x4  
  48  14:19  Zergling x6  
  48  14:20  Zergling x32  
  48  14:21  Zergling x18  
  48  14:22  Zergling x12  
  39  14:31  Drone x11  
  58  14:32  Drone x5  
  77  14:44  Zergling x2  
  77  14:45  Zergling x36  
  107  14:46  Zergling x4  
  107  14:47  Zergling x26, Extractor  
  107  14:48  Extractor  
  107  14:52  Zergling x22  
  85  14:53  Zergling x16  
  88  15:08  Baneling Nest, Baneling  
  88  15:10  Baneling  
  88  15:11  Baneling x21  
  88  15:12  Baneling x12  
  106  15:14  Zergling x24  
  106  15:15  Zergling x16  
  106  15:16  Zergling x22  
  106  15:17  Zergling x8  
  106  15:18  Zergling x4  
  106  15:19  Zergling x4  
  92  15:28  Baneling x8  
  53  15:29  Baneling x11  
  53  15:30  Baneling x6  
  53  15:31  Baneling x4  
  53  15:32  Baneling x5  
  53  15:33  Baneling x2  
  53  15:34  Baneling x5  
  76  15:35  Baneling x2  
  76  15:36  Baneling x2  
  76  15:37  Baneling x5  
  73  16:18  Glial Reconstitution  
  66  16:21  Zergling x38  
  66  16:22  Zergling x2  
  66  16:23  Zergling x30  
  47  16:36  Spawning Pool  
  47  16:37  Drone  
  47  16:38  Lair  
  65  16:41  Drone x12  
  65  16:44  Drone x11  
  75  16:48  Drone x2  
  75  16:49  Drone x8  
  75  16:51  Hatchery  
  97  17:02  Zergling x2  
  97  17:03  Zergling x36, Extractor  
  97  17:04  Zergling x24  
  97  17:05  Zergling x4, Hatchery  
  97  17:06  Zergling x30  
  86  17:10  Extractor  
  65  17:17  Hatchery  
  65  17:20  Roach x12  
  65  17:21  Roach x6  
  65  17:22  Roach x2  
  97  17:23  Roach  
  97  17:24  Roach  
  72  17:33  Roach Warren  
  107  17:47  Drone x17  
  107  17:48  Drone x2  
  87  18:00  Zergling x2  
  87  18:02  Extractor x2  
  100  18:07  Hatchery  
  99  18:18  Corruptor x14  
  99  18:19  Corruptor x5  
  99  18:21  Drone x19  
  99  18:23  Corruptor x11  
  99  18:24  Corruptor x8  
  99  18:26  Drone x19  
  77  18:29  Spire  
  77  18:33  Infestation Pit  
  116  18:50  Zergling x6  
  116  18:51  Zergling x30  
  148  19:02  Extractor  
  136  19:03  Extractor  
  141  19:31  Hive  
  141  19:33  Zergling x2  
  141  19:34  Zergling x36  
  141  19:35  Greater Spire  
  133  20:00  Drone x15  
  133  20:01  Drone x4  
  133  20:02  Drone x19  
  133  20:08  Hydralisk Den  
  151  20:18  Extractor  
  151  20:20  Corruptor x10  
  151  20:21  Corruptor x9  
  150  20:23  Drone  
  150  20:24  Grooved Spines, Muscular Augments, Drone  
  150  20:26  Hatchery, Drone x3  
  147  20:42  Spore Crawler  
  147  20:43  Spore Crawler  
  147  20:44  Spore Crawler  
  166  20:52  Zergling x2  
  166  20:53  Zergling x36  
  166  20:55  Zergling x18  
  166  20:56  Zergling x20  
  173  20:57  Zergling x20  
  173  20:58  Zergling x12  
  173  20:59  Zergling x28  
  173  21:00  Zergling x12  
  173  21:01  Zergling x28  
  173  21:02  Zergling x20  
  173  21:03  Zergling x12  
  173  21:04  Zergling x24  
  171  21:05  Zergling x12  
  171  21:06  Zergling x12  
  299  21:26  Drone  
  299  21:29  Baneling x11  
  299  21:30  Baneling x21  
  299  21:31  Baneling x29  
  299  21:32  Baneling x25  
  299  21:33  Baneling Nest, Baneling x2  
  299  21:34  Baneling x2  
  299  21:35  Baneling  
  299  21:36  Baneling  
  299  21:40  Lurker Den  
  298  21:48  Hydralisk  
  298  21:49  Hydralisk x18  
  198  22:22  Brood Lord x2  
  190  22:23  Brood Lord x3  
  181  22:31  Lurker x3  
  181  22:32  Lurker x8  
  191  22:41  Drone  
  191  22:42  Drone x18  
  188  22:45  Drone x7  
  188  22:46  Adaptive Talons, Drone x12  
  188  22:47  Seismic Spines  
  198  22:52  Drone x3  
  198  22:53  Zergling x8  
  217  23:01  Extractor  
  217  23:05  Hydralisk x5  
  219  23:06  Hydralisk x14  
  222  23:29  Brood Lord x5  
  222  23:33  Lurker x13  
  222  23:34  Lurker x3  
  276  23:35  Lurker  
  276  23:45  Brood Lord  
  276  23:46  Brood Lord  
  276  23:47  Brood Lord  
  264  24:04  Lurker x6  
  263  24:11  Drone x2  
  263  24:12  Drone  
  263  24:13  Drone x3  
  259  24:25  Extractor  
  259  24:28  Zergling x2  
  259  24:29  Zergling x36  
  262  24:33  Corruptor x13  
  262  24:34  Corruptor x6  
  262  24:36  Drone x7  
  262  24:37  Drone x12  
  256  24:40  Drone x18  
  256  24:43  Hatchery  
  240  24:52  Extractor  
  280  25:16  Zergling x2  
  280  25:17  Zergling x36  
  280  25:18  Zergling x2  
  280  25:19  Zergling x34  
  280  25:20  Zergling x6  
  280  25:21  Zergling x22  
  242  25:31  Extractor  
  242  25:33  Extractor  
  225  25:37  Drone x5  
  225  25:38  Drone x2  
  225  25:39  Drone x4  
  225  25:40  Drone  
  225  25:42  Drone x2  
  220  25:43  Drone x2  
  220  25:44  Zergling x2  
  220  25:45  Zergling x36  
  220  25:46  Zergling x8  
  220  25:47  Zergling x22  
  220  25:48  Zergling x28  
  189  26:05  Zergling x42  
  189  26:06  Zergling x32  
  151  26:24  Zergling x2  
  151  26:25  Zergling x36  
  150  26:27  Zergling x24, Drone  
  150  26:28  Zergling x14  
  105  26:40  Extractor  
  135  26:53  Zergling x20  
  135  26:54  Zergling x18  
  105  26:56  Zergling x34  
  105  26:57  Zergling x6  
  105  26:58  Zergling x28  
  105  26:59  Zergling x26  
  105  27:00  Zergling x14  
  105  27:01  Zergling x18  
  86  27:02  Zergling x30  
  86  27:07  Hatchery  
  96  27:18  Zergling x12  
  96  27:19  Zergling x26  
  96  27:20  Zergling x2  
  96  27:21  Zergling x36, Hive  
  128  27:22  Zergling x2  
  128  27:23  Zergling x34  
  128  27:28  Baneling x4  
  128  27:29  Lair  
  113  27:34  Spawning Pool  
  120  27:43  Drone x19  
  124  28:01  Extractor  
  124  28:04  Hatchery  
  122  28:06  Extractor  
  122  28:07  Corruptor x17  
  122  28:08  Corruptor x2  
  122  28:09  Drone x7  
  122  28:10  Drone x9  
  121  28:15  Brood Lord x6  
  121  28:16  Brood Lord x13  
  121  28:19  Hatchery  
  119  28:20  Hatchery  
  133  28:31  Infestation Pit  
  131  28:34  Spire  
  206  28:51  Evolution Chamber x2  
  168  28:56  Drone x10  
  168  28:57  Drone x9  
  168  29:01  Drone x2  
  168  29:02  Drone x3  
  165  29:05  Drone x5  
  165  29:06  Drone x14  
  184  29:20  Extractor  
  184  29:21  Hydralisk x12  
  184  29:22  Hydralisk x7  
  202  29:27  Zerg Ground Armor Level 2, Zerg Melee Weapons Level 3  
  198  29:40  Hydralisk Den  
  198  29:43  Lurker Den  
  206  29:47  Lurker  
  206  29:48  Lurker x14  
  249  29:57  Hydralisk x19  
  244  30:11  Hatchery  
  243  30:15  Hatchery  
  243  30:17  Drone x4  
  243  30:18  Hatchery  
  243  30:20  Drone x18  
  243  30:21  Drone  
  233  30:23  Lurker  
  233  30:24  Lurker x5, Drone x7  
  233  30:25  Drone x10  
  284  30:36  Extractor x2  
  284  30:39  Unknown x2  
  297  30:48  Lurker x2  
  299  30:56  Hatchery  
  298  30:59  Drone  
  298  31:00  Drone  
  297  31:14  Extractor  
  297  31:15  Extractor  
  297  31:18  Extractor  
  296  31:23  Extractor  
  278  31:37  Corruptor x19  
  220  32:05  Drone x4  
  220  32:06  Drone x15  
  245  32:12  Corruptor x14  
  245  32:13  Corruptor x5  
  245  32:14  Corruptor  
  245  32:15  Corruptor x18  
  228  32:36  Zergling x2  
  202  32:37  Zergling x36  
  202  32:38  Zergling x4  
  202  32:39  Zergling x26  
  240  32:47  Drone x4  
  240  32:49  Drone x3  
  240  32:50  Drone x3  
  262  32:54  Drone x3  
  288  33:00  Baneling Nest  
  288  33:05  Baneling x20  
  297  33:06  Baneling x16  
  300  33:12  Baneling  
  300  33:13  Baneling x24  
  300  33:14  Baneling x7  
  300  33:29  Corruptor x13  
  300  33:30  Corruptor x2  
  298  33:35  Baneling x13  
  298  33:36  Baneling x20  
  292  34:16  Brood Lord x12  
  292  34:17  Brood Lord x13, Corruptor  
  256  34:27  Overlord x4  
  256  34:28  Overlord x14  
  252  34:34  Corruptor x4  
  252  34:36  Overseer  
  252  34:37  Overseer x17  
  299  35:12  Spire  
  299  35:13  Spire  
  270  35:22  Zergling x2  
  270  35:23  Zergling x36  
  270  35:25  Zergling x24  
  270  35:26  Zergling x2  
  262  36:06  Corruptor x12  
  262  36:12  Drone  
  262  36:13  Drone x12  
  275  36:37  Zerg Flyer Weapons Level 2, Zerg Flyer Armor Level 2  
  299  36:56  Infestor x5  
  299  36:57  Infestor x6  
  277  37:27  Roach  
  277  37:28  Roach x8  
  277  37:30  Corruptor x7  
  277  37:31  Corruptor x12  
  277  37:35  Greater Spire x2  
  267  38:05  Drone x2  
  286  38:10  Drone x12  
  286  38:11  Drone x7  
  258  38:20  Drone x19  
  277  38:27  Brood Lord x5  
  277  38:28  Brood Lord x15  
  277  38:40  Spire  
  264  38:41  Spire, Corruptor  
  264  38:42  Corruptor x18  
  264  38:45  Corruptor x2  
  264  38:46  Corruptor x17  
  255  39:03  Corruptor x3  
  255  39:04  Corruptor x16  
  199  39:34  Corruptor x19  
  199  39:36  Infestor x4  
  199  39:38  Zergling x38, Corruptor x17  
  219  39:39  Corruptor x2  
  219  39:47  Zerg Flyer Weapons Level 3  
  219  39:49  Zerg Flyer Armor Level 3  
  219  39:54  Spore Crawler x2  
  219  39:56  Spore Crawler x2  
  219  39:57  Spore Crawler x2  
  231  40:00  Spore Crawler  
  231  40:06  Brood Lord x2  
  231  40:07  Brood Lord x8  
  264  40:13  Drone  
  288  40:17  Brood Lord x5  
  288  40:18  Brood Lord x5  
  279  40:27  Hatchery  
  294  40:37  Brood Lord  
  294  40:38  Brood Lord x19  
  294  40:39  Brood Lord x3  
  276  40:57  Brood Lord  
  276  40:58  Brood Lord x21  
  276  40:59  Brood Lord x9, Drone x12  
  276  41:00  Drone x7  
  277  41:12  Corruptor x2  
  277  41:14  Extractor x2  
  249  41:23  Infestor x12  
  299  41:25  Overlord  
  299  41:26  Overlord x18  
  295  41:33  Overseer x12  
  295  41:34  Overseer x4  
  295  41:45  Drone x9  
  299  41:51  Hatchery  
  234  41:55  Hatchery, Swarm Host  
  234  41:57  Hatchery  
  234  42:00  Hatchery  
  253  42:01  Ultralisk x8  
  253  42:02  Ultralisk x5  
  253  42:05  Ultralisk x2, Zergling x10  
  253  42:06  Zergling x54  
  217  42:33  Infestation Pit  
  217  42:35  Ultralisk Cavern  
  293  42:46  Corruptor x19  
  293  42:48  Corruptor x10  
  293  42:49  Corruptor x5  
  232  43:18  Corruptor  
  232  43:19  Corruptor x18  
  291  43:35  Brood Lord x2  
  291  43:37  Brood Lord x3  
  274  44:22  Brood Lord x18  
  274  44:23  Brood Lord  
  267  44:30  Corruptor x6  
  267  44:31  Corruptor x29  
  255  44:32  Corruptor x3  
  255  44:37  Corruptor  
  255  44:38  Corruptor x20  
  235  44:39  Corruptor x11  
  196  44:52  Hatchery  
  207  44:56  Hatchery  
  207  44:57  Corruptor  
  207  44:58  Corruptor x21  
  207  44:59  Corruptor x24, Drone x13  
  190  45:00  Corruptor x5, Drone  
  242  45:12  Hive  
  242  45:13  Hive  
  296  45:15  Hive, Brood Lord x2  
  296  45:16  Brood Lord x26  
  296  45:17  Brood Lord x8  
  296  45:20  Hatchery x2  
  194  45:23  Hatchery, Lair  
  194  45:24  Hatchery  
  194  45:25  Lair  
  242  45:29  Zergling x16, Lair  
  242  45:30  Zergling x2  
  242  45:31  Zergling x2  
  242  45:32  Zergling x6  
  242  45:33  Zergling x2  
  242  45:35  Zergling x4  
  252  45:36  Zergling x2  
  252  45:37  Zergling x4  
  294  45:43  Corruptor x3  
  296  45:59  Corruptor x2  
  296  46:00  Zergling x2  
  296  46:01  Zergling x4  
  264  46:36  Drone  
  128  46:52  Spawning Pool  
  124  46:57  Overlord x2  
  124  46:58  Overlord x17  
  124  47:01  Hydralisk  
  124  47:02  Hatchery, Hydralisk x25  
  124  47:03  Hydralisk x27  
  124  47:04  Hydralisk x4  
  124  47:05  Hatchery, Hydralisk Den  
  110  47:12  Overseer x4  
  107  47:21  Overseer x5  
  107  47:22  Overseer x2  
  92  47:27  Drone x2  
  184  47:43  Lurker Den  
  137  47:45  Hydralisk x5, Lurker x22  
  137  47:46  Hydralisk x28  
  137  47:47  Hydralisk x26  
  137  47:48  Hydralisk x17  
  282  48:14  Zergling x24  
  282  48:15  Zergling x14  
  282  48:19  Zergling x32  
  262  48:20  Zergling x2, Hydralisk x19  
  262  48:21  Hydralisk x25  
  262  48:23  Hydralisk x37  
  222  48:48  Lurker x15  
  235  48:49  Lurker x19  
  229  49:12  Zergling x2  
  229  49:13  Zergling x50  
  229  49:14  Zergling x14  
  229  49:15  Zergling x10  
  217  49:17  Zergling x12  
  217  49:18  Zergling x44  
  217  49:19  Zergling x34  
  217  49:20  Zergling x32  
  217  49:21  Zergling x20  
  300  49:42  Hydralisk x10  
  300  49:43  Hydralisk x6  
  292  49:47  Drone  
  272  50:01  Hatchery  
  299  50:11  Hydralisk  
  299  50:12  Hydralisk x18  
  174  50:28  Hydralisk  
  174  50:29  Hydralisk x26  
  174  50:30  Hydralisk x29  
  174  50:31  Hydralisk  
  174  50:35  Hydralisk x18  
  152  50:38  Lurker  
  152  50:39  Lurker  
  201  51:34  Drone x12  
  201  51:35  Drone x7  
  173  51:48  Corruptor x13  
  173  51:49  Corruptor x25  
  173  51:50  Extractor  
  173  51:51  Extractor  
  140  51:56  Corruptor x19  
  87  52:02  Hatchery  
  87  52:07  Hatchery x2  
  62  52:08  Brood Lord x6  
  62  52:09  Brood Lord x23, Hatchery  
  62  52:10  Hatchery  
  62  52:12  Spire  
  62  52:14  Spire  
  55  52:18  Hatchery  
  55  52:22  Zergling x22  
  130  52:23  Zergling x16, Hatchery x2  
  130  52:29  Hatchery  
  165  52:36  Drone x16  
  165  52:37  Drone x3  
  249  53:04  Corruptor x10  
  249  53:05  Corruptor x23  
  249  53:10  Hatchery x2  
  249  53:11  Hatchery  
  249  53:12  Hatchery  
  245  53:20  Spawning Pool  
  245  53:24  Spore Crawler x2  
  245  53:25  Spore Crawler x3  
  245  53:26  Spore Crawler x2  
  237  53:29  Spore Crawler  
  300  54:28  Zergling x24  
  300  54:29  Zergling x54  
  300  54:30  Zergling x2  
  284  54:54  Drone x5  
  284  54:56  Brood Lord  
  284  54:57  Brood Lord x21, Corruptor  
  284  54:58  Brood Lord, Corruptor x3  
  284  54:59  Corruptor x2  
  257  55:07  Hydralisk Den  
  257  55:08  Overlord  
  257  55:10  Overlord  
  257  55:11  Overlord x6  
  256  55:20  Overseer, Hydralisk  
  276  55:22  Overseer x5  
  276  55:23  Overseer x2  
  300  55:29  Drone x8  
  300  55:30  Drone x8  
  300  55:33  Hydralisk x3  
  300  55:34  Hydralisk x27  
  300  55:35  Hydralisk x22  
  260  55:37  Hydralisk x12  
  260  55:38  Hydralisk x7  
  170  55:57  Overlord x7  
  162  55:58  Overlord x4  
  162  56:03  Hydralisk  
  162  56:04  Hydralisk x24  
  300  56:05  Overseer x10, Hydralisk x31  
  300  56:06  Hatchery x3, Overseer, Hydralisk x2  
  300  56:07  Hatchery, Hydralisk x19  
  300  56:08  Hatchery, Hydralisk x26  
  300  56:09  Hydralisk  
  300  56:10  Hatchery, Hydralisk x7  
Tags
 
Add a new tag
Caveats
  • Supply blocks, unpowered buildings, or Contaminate may cause inaccurate times.
  • Supply counts are checked every 10 seconds.